 Dungeon Crawl Stone Soup version 0.21.1-1-g345015f (webtiles) character file.

613 empire the Conjurer (level 7, 0/56 HPs)
             Began as a Green Draconian Conjurer on June 19, 2018.
             Was an Initiate of Sif Muna.
             Slain by a mummy (19 damage)
             ... in an ossuary on June 20, 2018.
             The game lasted 00:14:11 (4977 turns).

empire the Conjurer (Green Draconian Conjurer)      Turns: 4977, Time: 00:14:12

Health: 0/56       AC:  8    Str: 10    XL:     7   Next: 20%
Magic:  4/10       EV: 12    Int: 16    God:    Sif Muna [......]
Gold:   215        SH:  0    Dex: 13    Spells: 1/10 levels left

rFire    . . .     SeeInvis .   a - +1 short sword (flame)
rCold    . . .     Gourm    .   (no shield)
rNeg     . . .     Faith    .   (armour unavailable)
rPois    +         Spirit   .   (helmet restricted)
rElec    .         Reflect  .   (no cloak)
rCorr    .         Harm     .   j - +1 pair of gloves
MR       .....                  (no boots)
Stlth    ++++......             (no amulet)
HPRegen  1.18/turn              Z - ring of stealth
MPRegen  0.12/turn              q - ring of stealth

@: regenerating (expiring)
A: breathe noxious fumes, unfitting armour, poison resistance, cold-blooded, AC
+6
a: Breathe Noxious Fumes, Renounce Religion


You were in an ossuary.
You worshipped Sif Muna.
Sif Muna was noncommittal.
You were not hungry.

You visited 2 branches of the dungeon, and saw 6 of its levels.
You also visited: Ossuary.

You collected 215 gold pieces.

Inventory:

Hand Weapons
 a - a +1 short sword of flaming (weapon)
 p - a +0 long sword
 v - a +1 flail of protection
 w - a +4 dagger of draining
Armour
 j - a +1 pair of gloves (worn)
Jewellery
 c - an uncursed ring of protection from magic
 q - a ring of stealth (right hand)
 Z - a ring of stealth (left hand)
Scrolls
 e - 3 scrolls of remove curse
 h - a scroll of random uselessness {unknown}
 i - 3 scrolls of teleportation {unknown}
 k - a scroll of enchant weapon {unknown}
 n - a scroll of immolation
 r - a scroll of blinking
 s - 2 scrolls of fear
 t - 2 scrolls of noise
Potions
 b - a potion of haste {unknown}
 g - a potion of heal wounds {unknown}
 l - a potion of curing
 o - a potion of degeneration {unknown}
 x - a potion of flight {unknown}
Books
 d - a book of Conjurations

   Spells                             Type                      Level
   a - Magic Dart                     Conjuration                  1
   b - Searing Ray                    Conjuration                  2
   c - Dazzling Spray                 Conjuration/Hexes            3
   d - Fulminant Prism                Conjuration/Hexes            4
   e - Force Lance                    Conjuration/Translocation    4
   f - Iskenderun's Mystic Blast      Conjuration                  4
 u - a book of Necromancy

   Spells                             Type                      Level
   a - Pain                           Necromancy                   1
   b - Animate Skeleton               Necromancy                   1
   c - Vampiric Draining              Necromancy                   3
   d - Regeneration                   Charms/Necromancy            3
   e - Animate Dead                   Necromancy                   4
   f - Borgnjor's Vile Clutch         Necromancy/Earth             5
Comestibles
 X - 10 rations


   Skills:
 - Level 2.5 Fighting
 - Level 2.0 Short Blades
 - Level 1.7 Dodging
 - Level 3.0 Stealth
 - Level 2.0 Spellcasting
 - Level 6.8 Conjurations
 + Level 2.0 Hexes
 + Level 1.0 Charms
 + Level 1.1 Necromancy


You had one spell level left.
You knew the following spells:

 Your Spells              Type           Power        Failure   Level  Hunger
a - Magic Dart            Conj           ###.         1%          1    #......
b - Searing Ray           Conj           ###...       1%          2    ###....
c - Dazzling Spray        Conj/Hex       ###...       10%         3    ###....
d - Regeneration          Chrm/Necr      #.........   38%         3    ###....


Dungeon Overview and Level Annotations

Branches:
Dungeon (5/15)             Temple (1/1) D:4

Altars:
Ashenzari
Elyvilon
Fedhas
Gozag
Kikubaaqudgha
Makhleb
Nemelex Xobeh
Okawaru
Qazlal
Ru
Sif Muna
Trog
Wu Jian
Xom
Zin
The Shining One


Innate Abilities, Weirdness & Mutations

You can breathe blasts of noxious fumes.
Your lurid green scales are hard. (AC +6)
You cannot fit into any form of body armour.
Your system is resistant to poisons. (rPois)
You are cold-blooded and may be slowed by cold attacks.


Message History

Sif Muna accepts your kill.
Your Hexes skill increases to level 2!
Your Charms skill increases to level 1!
Your Necromancy skill increases to level 1!
You hit the mummy. You burn the mummy.
Your tail-slap misses the mummy.
The mummy is moderately damaged.
The mummy closely misses you.
You hit the mummy. You burn the mummy.
The mummy is moderately damaged.
You hit the mummy but do no damage.
Your tail-slap misses the mummy.
The mummy is moderately damaged.
The mummy hits you.
* * * LOW HITPOINT WARNING * * *
Casting: Magic Dart
Confirm with . or Enter, or press ? or * to list all spells.
Your skin crawls.
Your skin is crawling a little less now.
You hit the mummy. You burn the mummy.
The mummy is severely damaged.
The mummy hits you!!
You die...

###.###
##.....##
#.......#
.......
..... .Z.
#M# #@#
###.###
##.....##
#.......#
##...∩...##
+...∩∩∩...+
##...∩...##
#.......#
##.....##


You could see a mummy and an elf zombie.

Vanquished Creatures
  An ice beast (D:5)
  An elf zombie (Ossuary)
  2 crimson imps
  A centaur zombie (Ossuary)
  A bullfrog zombie (D:5)
  A hound (D:3)
  An orc priest (D:4)
  2 orc wizards
  An iguana (D:4)
  3 worker ants (D:4)
  An adder (D:2)
  An ooze (D:1)
  2 adder skeletons (D:4)
  A worm (D:3)
  4 dart slugs
  9 orcs
  4 ball pythons
  6 bats
  7 giant cockroaches
  8 goblins
  6 hobgoblins (D:1)
  2 jackals (D:3)
  8 kobolds
  3 frilled lizards
  7 rats
83 creatures vanquished.

Notes
Turn   | Place    | Note
-------+----------+-------------------------------------------
     0 | D:1      | empire the Draconian Conjurer began the quest for the Orb.
     0 | D:1      | Reached XP level 1. HP: 14/14 MP: 3/3
   469 | D:1      | Reached XP level 2. HP: 16/20 MP: 5/5
  1053 | D:1      | Reached skill level 5 in Conjurations
  1053 | D:1      | Reached XP level 3. HP: 15/26 MP: 6/6
  1255 | D:2      | Learned a level 2 spell: Searing Ray
  1259 | D:2      | Learned a level 3 spell: Dazzling Spray
  1829 | D:2      | Found a white marble altar of Elyvilon.
  1914 | D:2      | Found a glowing silver altar of Zin.
  1914 | D:2      | Noticed an angel
  2198 | D:3      | Reached XP level 4. HP: 8/33 MP: 7/7
  2659 | D:3      | Found a shimmering altar of Xom.
  2771 | D:3      | Reached skill level 1 in Short Blades
  2771 | D:3      | Reached XP level 5. HP: 32/38 MP: 8/8
  2900 | D:3      | Found an ornate altar of the Wu Jian Council.
  3215 | D:3      | Found a blossoming altar of Fedhas.
  3365 | D:4      | Reached skill level 6 in Conjurations
  3609 | D:4      | Reached skill level 1 in Fighting
  3613 | D:4      | Reached XP level 6. HP: 13/47 MP: 5/9
  3770 | D:4      | Found a sparkling altar of Nemelex Xobeh.
  4159 | D:4      | Found a staircase to the Ecumenical Temple.
  4165 | Temple   | Entered the Ecumenical Temple
  4505 | Temple   | Became a worshipper of Sif Muna the Loreminder
  4663 | D:5      | Entered Level 5 of the Dungeon
  4663 | D:5      | Noticed an ice beast
  4697 | D:5      | Killed an ice beast
  4697 | D:5      | Reached skill level 1 in Hexes
  4707 | D:5      | Learned a level 3 spell: Regeneration
  4710 | D:5      | Found a sacrificial altar of Ru.
  4933 | D:5      | Found a sand-covered staircase.
  4938 | Ossuary  | Entered an ossuary
  4951 | Ossuary  | Your scales start taking on a lurid green colour.
  4951 | Ossuary  | Reached XP level 7. HP: 48/56 MP: 4/10
  4951 | Ossuary  | Gained mutation: Your system is resistant to poisons. (rPois) [Green Draconian growth]
  4972 | Ossuary  | Reached skill level 1 in Charms
  4972 | Ossuary  | Reached skill level 1 in Necromancy
  4977 | Ossuary  | Slain by a mummy

Skill      XL: |  1  2  3  4  5  6  7 |
---------------+----------------------+-----
Conjurations   | 5 6 |  6.8
Stealth        | 2 3 |  3.0
Short Blades   | 1 2 |  2.0
Fighting       | 1 2 |  2.5
Hexes          | 1 2 |  2.0
Charms         | 1 |  1.0
Necromancy     | 1 |  1.1
Dodging        | |  1.7
Spellcasting   | |  2.0

Action                   |  1- 3 |  4- 6 |  7- 9 || total
-------------------------+-------+-------+-------++-------
Melee: Unarmed           |    11 |       |       ||    11
       Short sword       |   105 |   197 |    25 ||   327
       Tailslap          |     9 |    10 |     3 ||    22
 Cast: Magic Dart        |    17 |    30 |       ||    47
       Searing Ray       |       |     6 |       ||     6
       Regeneration      |       |       |     1 ||     1
  Use: Scroll            |       |     7 |       ||     7
       Potion            |       |     3 |       ||     3
 Stab: Sleeping          |    11 |    14 |       ||    25
  Eat: Chunk             |     4 |     8 |       ||    12
       Ration            |       |     1 |       ||     1
Armor: Skin              |    28 |   100 |     5 ||   133
Dodge: Dodged            |    83 |   101 |     6 ||   190
